 Dungeon Crawl Stone Soup version 0.29-a0-529-gfa20dd96a1 (webtiles) character file.

Game seed: 4158932941870821312

19 hquester1 the Skirmisher (level 2, 0/24 HPs)
             Began as a Demonspawn Abyssal Knight on June 1, 2022.
             Was a Believer of Lugonu.
             Slain by a kobold
             ... wielding a +0 whip
              (5 damage)
             ... on level 1 of the Dungeon.
             The game lasted 00:01:24 (458 turns).

hquester1 the Skirmisher (Demonspawn Abyssal Knight) Turns: 458, Time: 00:01:25

Health: 0/24       AC:  3    Str: 13    XL:     2   Next: 55%
Magic:  4/4        EV: 11    Int: 11    God:    Lugonu [**....]
Gold:   13         SH:  0    Dex: 13    Spells: 1/1 levels left

rFire   . . .      SeeInvis .   a - +1 mace
rCold   . . .      Faith    .   (no shield)
rNeg    . . .      Spirit   .   b - +0 leather armour
rPois   .          Reflect  .   (no helmet)
rElec   .          Harm     .   (no cloak)
rCorr   .          Rampage  .   (no gloves)
Will    .....                   (no boots)
Stlth   +.........              (no amulet)
HPRegen 0.08/turn               (no ring)
MPRegen 0.09/turn               (no ring)

@: no status effects
A: demonic touch 1
a: Renounce Religion, Depart the Abyss, Bend Space


You were on level 1 of the Dungeon.
You worshipped Lugonu.
Lugonu was pleased with you.
You visited 1 branch of the dungeon, and saw 1 of its levels.
You visited the Abyss 1 time.

You collected 13 gold pieces.

Inventory:

Hand Weapons
 a - a +1 mace (weapon)
Armour
 b - a +0 leather armour (worn)
Scrolls
 e - a scroll of immolation {unknown}
Potions
 c - a potion of haste {unknown}
 d - a potion of mutation {unknown}


   Skills:
 + Level 3.2 Fighting
 + Level 2.0 Maces & Flails
 + Level 2.0 Armour
 + Level 1.2 Dodging
 + Level 2.8 Invocations


You had one spell level left.
You didn't know any spells.
Your spell library was empty.

Dungeon Overview and Level Annotations

Branches:
Dungeon (1/15)

Altars:


Innate Abilities, Weirdness & Mutations

Your touch may inflict minor irresistible damage on your foes.


Message History

The jackal misses you. The goblin hits you with a +0 club.
You closely miss the jackal.
The jackal barks!
You touch the jackal.
You kill the jackal!
Lugonu accepts your kill. The jackal barely misses you. x2
The jackal bites you but does no damage.
The jackal bites you. The goblin barely misses you.
The jackal bites you but does no damage.
The goblin misses you. The jackal attacks as you move away!
The jackal bites you but does no damage.
The goblin closely misses you. The goblin misses you.
The jackal attacks as you move away! The jackal barely misses you.
A kobold comes into view. It is wielding a +0 whip.
You closely miss the jackal. The jackal bites you.
The jackal barely misses you.
You miss the jackal. The jackal barely misses you. The jackal bites you.
* * * LOW HITPOINT WARNING * * *
You hit the jackal. Your touch misses the jackal.
The jackal is moderately wounded.
The jackal barely misses you. The jackal closely misses you.
You hit the jackal.
You kill the jackal!
Lugonu accepts your kill. The jackal closely misses you.
You hit the jackal.
The jackal is moderately wounded.
The jackal bites you.
* * * LOW HITPOINT WARNING * * *
The kobold hits you with a +0 whip.
* * * LOW HITPOINT WARNING * * *
The jackal bites you.
* * * LOW HITPOINT WARNING * * *
You closely miss the kobold. Your touch misses the kobold.
The kobold closely misses you. The jackal closely misses you.
The kobold hits you with a +0 whip.
You die...

### ..# #.# #.# #########
...#########.####........
................>.#######
..###._..gh....####
##.##h##.#.# #. #@##.#.#
#. #K##.#.# #.
#.##.#.######## #.
...#.#....†...# ..
.....########.# .###. #.#
. . #.# .. .# #.# #.#


You could see 2 jackals, a goblin and a kobold.

Vanquished Creatures
  A dart slug (D:1)
  A ball python (D:1)
  2 endoplasms (D:1)
  A giant cockroach (D:1)
  A goblin (D:1)
  A hobgoblin (D:1)
  2 jackals (D:1)
  3 kobolds (D:1)
  A quokka (D:1)
  A bat (D:1)
  A frilled lizard (D:1)
15 creatures vanquished.

Notes
Turn   | Place    | Note
-------+----------+-------------------------------------------
     0 | Abyss:1  | hquester1 the Demonspawn Abyssal Knight began the quest for
                  | the Orb.
     0 | Abyss:1  | Reached XP level 1. HP: 18/18 MP: 2/2
    17 | D:1      | Escaped the Abyss
    47 | D:1      | Reached skill level 1 in Dodging
   265 | D:1      | Gained mutation: Your touch may inflict minor irresistible
                  | damage on your foes. [demonic ancestry]
   265 | D:1      | Reached XP level 2. HP: 24/24 MP: 4/4
   437 | D:1      | Found a faded altar of an unknown god.
   458 | D:1      | Slain by a kobold

Illustrated notes

Levels and vault maps discovered:
D:1:      dpeg_arrival_tiny_j, layout_loops_ring, basic_ecumenical_altar

Skill      XL: |  1  2 |
---------------+-------+-----
Dodging        | 1 |  1.2
Armour         | 2 |  2.0
Maces & Flails | 2 |  2.0
Fighting       | |  3.2
Invocations    | |  2.8

Action                   || total
-------------------------++-------
Melee: Mace              ||    37
       Touch             ||     1
Armor: Leather armour    ||    25
Dodge: Dodged            ||    43

Table legend: (Time is in decaauts)
 A = Elapsed time spent in this place.
 B = Non-inter-level travel time spent in this place.
 C = Inter-level travel time spent in this place.
 D = Time resting spent in this place.
 E = Time spent auto-exploring this place.
 F = Levels seen in this place.
 G = Mean time per level.
                   A        B        C        D        E       F      G
               +--------+--------+--------+--------+--------+-----+--------+
         Total |    469 |    469 |      0 |      0 |    341 |   2 |  234.5 |
       Dungeon |    451 |    451 |      0 |      0 |    332 |   1 |  451.0 |
         Abyss |     17 |     17 |      0 |      0 |      9 |   1 |   17.0 |
               +--------+--------+--------+--------+--------+-----+--------+

Top non-repeatable levels by time:
     D:1: 451 daAuts
 Abyss:1: 17 daAuts
